MANCHESTER MONARCHS vs PITTSBURGH PENGUINS

Created - 15 novembre 2025 at 08:49

Goals
1 2 3 T
MANCHESTER MONARCHS 0 0 0 0
PITTSBURGH PENGUINS 3 2 0 5
Shots
1 2 3 T
MANCHESTER MONARCHS 7 13 4 24
PITTSBURGH PENGUINS 12 16 15 43

1st period

1. PITTSBURGH PENGUINS , Thomas Bordeleau 1 (Liam Ohgren 2) at 5:44
2. PITTSBURGH PENGUINS , Sam Lafferty 6 (Jonathon Merrill 8, Carl Grundstrom 9) at 8:59
3. PITTSBURGH PENGUINS , Jonathon Merrill 1 (Nolan Allan 8, Liam Ohgren 3) at 19:11

Penalties :
Tyler Tucker (PIT) for Hooking (Minor) at 1:22

2nd period

4. PITTSBURGH PENGUINS , Kevin Labanc 8 (Jayson Megna 7) at 10:53
5. PITTSBURGH PENGUINS , Sam Lafferty 7 (Carl Grundstrom 10, Matt Martin 8) at 14:02

Penalties :
Nolan Allan (PIT) for Tripping (Minor) at 6:07, Blake Smith (MAN) for High sticking (Minor) at 18:23

3rd period

No Goal

Penalties :
Tyler Tucker (PIT) for Hooking (Minor) at 6:53, Scooter Brickey (MAN) for Tripping (Minor) at 10:19, Chase Wheatcroft (MAN) for Roughing (Minor) at 15:29, Nolan Allan (PIT) for Slashing (Minor) at 19:55

Goalie Stats

Drew Commesso (MAN), 22 saves from 23 shots - (0,957), 29:07 minutes
Michael DiPietro (MAN), 16 saves from 20 shots - (0,800), L, 4-8-0, 30:53 minutes
Marcus Hogberg (PIT), 24 saves from 24 shots - (1,000), W, 10-2-1, 60:00 minutes

Players Stats for MANCHESTER MONARCHS

Player Name              G  A  P  +/- PIM S  H  SB GA TA FO     MP     PP MP  PK MP  
------------------------------------------------------------------------------------
Blake Smith              0  0  0  -1  2   1  8  1  0  0  0/0    16:46   0:00   1:19 
Chase Stillman           0  0  0   0  0   1  1  0  0  0  1/1     5:48   0:00   0:00 
Chase Wheatcroft         0  0  0  -3  2   0  0  1  0  0  0/2    14:00   0:00   1:04 
Christoffer Sedoff       0  0  0  -2  0   0  1  1  0  0  0/0    22:17   2:59   2:25 
Daniil Zhilkin           0  0  0   0  0   0  0  0  0  0  0/0     0:14   0:00   0:14 
David Gucciardi          0  0  0  -1  0   1  0  5  0  0  0/0    15:19   0:00   0:24 
Grigori Denisenko        0  0  0   0  0   0  1  0  0  0  0/0    18:40   3:03   0:00 
Jamieson Rees            0  0  0   0  0   0  0  0  0  0  1/4     5:48   0:00   0:00 
Jared Davidson           0  0  0  -2  0   4  0  2  0  0  15/31  25:04   2:58   2:38 
Jayden Struble           0  0  0  -2  0   1  2  3  0  0  0/0    22:29   3:02   3:18 
Kole Lind                0  0  0  -2  0   0  1  0  0  0  0/1    20:20   2:58   3:42 
Mackenzie MacEachern     0  0  0  -2  0   6  3  0  0  0  1/4    18:53   2:58   2:15 
Nicholas Abruzzese       0  0  0  -3  0   3  0  0  0  0  6/19   12:57   0:00   0:00 
Roni Hirvonen            0  0  0  -3  0   2  0  0  0  0  1/1    12:57   0:00   0:00 
Ryder Rolston            0  0  0   0  0   3  1  0  0  0  1/1    18:40   3:03   0:00 
Scooter Brickey          0  0  0  -2  2   0  6  2  0  0  0/0    20:19   2:59   0:56 
Ty Smith                 0  0  0  -2  0   0  0  0  0  0  0/0    22:34   3:02   3:18 
Tyler Madden             0  0  0   0  0   2  0  0  0  0  8/23   20:55   3:03   2:15 

Players Stats for PITTSBURGH PENGUINS

Player Name              G  A  P  +/- PIM S  H  SB GA TA FO     MP     PP MP  PK MP  
------------------------------------------------------------------------------------
Brendan Furry            0  0  0   2  0   5  1  0  0  0  0/0    15:47   0:00   0:02 
Calum Ritchie            0  0  0   0  0   0  0  0  0  0  0/0     0:57   0:29   0:00 
Carl Grundstrom          0  2  2   2  0   5  2  0  0  0  1/2    17:25   2:26   0:00 
Chase Bradley            0  0  0   0  0   0  0  0  0  0  2/3     3:44   0:00   0:00 
Domenick Fensore         0  0  0   2  0   1  0  0  0  0  0/0    14:49   0:29   0:53 
Jayson Megna             0  1  1   1  0   4  0  0  0  0  17/27  23:54   3:19   3:17 
Jonathon Merrill         1  1  2   2  0   1  1  2  0  0  0/0    24:04   3:02   3:14 
Kaedan Korczak           0  0  0   1  0   3  0  2  0  0  0/0    22:03   2:26   2:50 
Kevin Labanc             1  0  1   1  0   2  1  0  0  0  2/3    23:01   3:02   3:15 
Liam Ohgren              0  2  2   2  0   2  0  0  0  0  0/2    15:46   0:29   0:00 
Matt Martin              0  1  1   2  0   3  3  0  0  0  1/1    19:35   1:52   2:44 
Nathan Bastian           0  0  0   1  0   4  3  0  0  0  2/7    19:20   3:02   2:44 
Nolan Allan              0  1  1   2  4   3  3  4  0  0  0/0    22:24   3:02   1:36 
Ryder Korczak            0  0  0   0  0   0  0  0  0  0  1/1     1:20   0:46   0:00 
Sam Lafferty             2  0  2   2  0   4  0  0  0  0  16/24  17:25   2:26   0:00 
Thomas Bordeleau         1  0  1   2  0   4  0  0  0  0  11/17  15:45   0:00   0:00 
Travis Dermott           0  0  0   2  0   1  1  2  0  0  0/0    16:23   0:29   2:27 
Tyler Tucker             0  0  0   1  4   1  4  1  0  0  0/0    20:13   2:26   1:02 

3 Stars

1 - Marcus Hogberg (PIT)
2 - Sam Lafferty (PIT)
3 - Jonathon Merrill (PIT)

Power Play

MANCHESTER MONARCHS - 0 on 4 Attempt(s) - 0,00%
PITTSBURGH PENGUINS - 0 on 3 Attempt(s) - 0,00%

Penalty Kill

MANCHESTER MONARCHS - 3 on 3 Attempt(s) - 100,00% - Score 0 goal in Penalty Kill
PITTSBURGH PENGUINS - 4 on 4 Attempt(s) - 100,00% - Score 0 goal in Penalty Kill

Team Stat

MANCHESTER MONARCHS - Hits : 24 - Faceoff Wins : 34 - Blocked Shots : 15 - Penalty Minutes : 6
PITTSBURGH PENGUINS - Hits : 19 - Faceoff Wins : 53 - Blocked Shots : 11 - Penalty Minutes : 8

Official

Referees : Tom Chmielewski and Jean Hebert
Linesman : Greg Devorski and Luke Murray

Game Notes

Drew Commesso enters game at 10:53 of 2nd period

MANCHESTER MONARCHS

5 vs 5 Forward 
   Center                   Left Wing                Right Wing               Time % Phy DF OF 
 1 Jared Davidson           Kole Lind                Mackenzie MacEachern     36     1   2  2  
 2 Tyler Madden             Ryder Rolston            Grigori Denisenko        31     1   2  2  
 3 Nicholas Abruzzese       Chase Wheatcroft         Roni Hirvonen            23     1   2  2  
 4 Jamieson Rees            Chase Stillman           Jared Davidson           10     1   2  2  

5 vs 5 Defense 
   Defense                  Defense                                           Time % Phy DF OF 
 1 Jayden Struble           Ty Smith                                          36     1   2  2  
 2 Christoffer Sedoff       Scooter Brickey                                   31     1   2  2  
 3 David Gucciardi          Blake Smith                                       23     1   2  2  
 4 Jayden Struble           Ty Smith                                          10     1   2  2  

PowerPlay Forward 
   Center                   Left Wing                Right Wing               Time % Phy DF OF 
 1 Jared Davidson           Kole Lind                Mackenzie MacEachern     55     1   2  2  
 2 Tyler Madden             Ryder Rolston            Grigori Denisenko        45     1   2  2  

PowerPlay Defense
   Defense                  Defense                                           Time % Phy DF OF 
 1 Jayden Struble           Ty Smith                                          55     1   2  2  
 2 Christoffer Sedoff       Scooter Brickey                                   45     1   2  2  

Penalty Kill 4 Players Forward 
   Center                   Wing                     Time % Phy DF OF 
 1 Jared Davidson           Kole Lind                55     1   2  2  
 2 Mackenzie MacEachern     Tyler Madden             45     1   2  2  

Penalty Kill 4 Players Defense
   Defense                  Defense                  Time % Phy DF OF 
 1 Jayden Struble           Ty Smith                 55     1   2  2  
 2 Christoffer Sedoff       Scooter Brickey          45     1   2  2  

Penalty Kill - 3 Players Forward 
   Forward                                           Time % Phy DF OF 
 1 Jared Davidson                                    55     1   2  2  
 2 Kole Lind                                         45     1   2  2  

Penalty Kill - 3 Players Defense
   Defense                  Defense                  Time % Phy DF OF 
 1 Jayden Struble           Ty Smith                 55     1   2  2  
 2 Christoffer Sedoff       Scooter Brickey          45     1   2  2  

4 vs 4 Forward 
   Center                   Wing                     Time % Phy DF OF 
 1 Jared Davidson           Kole Lind                55     1   2  2  
 2 Mackenzie MacEachern     Tyler Madden             45     1   2  2  

4 vs 4 Defense
   Defense                  Defense                  Time % Phy DF OF 
 1 Jayden Struble           Ty Smith                 55     1   2  2  
 2 Christoffer Sedoff       Scooter Brickey          45     1   2  2  

Last Minutes Offensive
   Center                   Left Wing                Right Wing               Defense                  Defense                  
   Jared Davidson           Kole Lind                Mackenzie MacEachern     Jayden Struble           Ty Smith                 

Last Minutes Defensive
   Center                   Left Wing                Right Wing               Defense                  Defense                  
   Jared Davidson           Kole Lind                Mackenzie MacEachern     Jayden Struble           Ty Smith                 

Goaltenders
Starting : Michael DiPietro         
Backup : Drew Commesso            

Extra Forwards
Normal : Daniil Zhilkin, Nicholas Abruzzese, Chase Wheatcroft - PP : Daniil Zhilkin, Nicholas Abruzzese - PK : Chase Wheatcroft
Extra Defensemen
Normal : David Gucciardi, Blake Smith, Christoffer Sedoff - PP : David Gucciardi - PK : Blake Smith, Christoffer Sedoff
Penalty Shots
Jared Davidson, Kole Lind, Mackenzie MacEachern, Tyler Madden, Ryder Rolston

Scratches
Brayden Tracey (Healthy), Michael Pezzetta (Healthy), Blake Biondi (Healthy), Cam Squires (Healthy), Justin Hryckowian (Healthy)
Noah Juulsen (Sprained Right Knee Injury), Peter DiLiberatore (Healthy), Trevor Janicke (Healthy), Ryan McAllister (Healthy), Isak Posch (Healthy)
Tristan Lennox (Healthy)

PITTSBURGH PENGUINS

5 vs 5 Forward 
   Center                   Left Wing                Right Wing               Time % Phy DF OF 
 1 Jayson Megna             Kevin Labanc             Nathan Bastian           36     1   2  2  
 2 Sam Lafferty             Matt Martin              Carl Grundstrom          31     1   2  2  
 3 Thomas Bordeleau         Brendan Furry            Liam Ohgren              23     1   2  2  
 4 Chase Bradley            Jayson Megna             Kevin Labanc             10     1   2  2  

5 vs 5 Defense 
   Defense                  Defense                                           Time % Phy DF OF 
 1 Jonathon Merrill         Nolan Allan                                       36     1   2  2  
 2 Kaedan Korczak           Tyler Tucker                                      31     1   2  2  
 3 Domenick Fensore         Travis Dermott                                    23     1   2  2  
 4 Jonathon Merrill         Nolan Allan                                       10     1   2  2  

PowerPlay Forward 
   Center                   Left Wing                Right Wing               Time % Phy DF OF 
 1 Jayson Megna             Kevin Labanc             Nathan Bastian           55     1   2  2  
 2 Sam Lafferty             Matt Martin              Carl Grundstrom          45     1   2  2  

PowerPlay Defense
   Defense                  Defense                                           Time % Phy DF OF 
 1 Jonathon Merrill         Nolan Allan                                       55     1   2  2  
 2 Kaedan Korczak           Tyler Tucker                                      45     1   2  2  

Penalty Kill 4 Players Forward 
   Center                   Wing                     Time % Phy DF OF 
 1 Jayson Megna             Kevin Labanc             55     1   2  2  
 2 Nathan Bastian           Matt Martin              45     1   2  2  

Penalty Kill 4 Players Defense
   Defense                  Defense                  Time % Phy DF OF 
 1 Jonathon Merrill         Nolan Allan              55     1   2  2  
 2 Kaedan Korczak           Tyler Tucker             45     1   2  2  

Penalty Kill - 3 Players Forward 
   Forward                                           Time % Phy DF OF 
 1 Jayson Megna                                      55     1   2  2  
 2 Kevin Labanc                                      45     1   2  2  

Penalty Kill - 3 Players Defense
   Defense                  Defense                  Time % Phy DF OF 
 1 Jonathon Merrill         Nolan Allan              55     1   2  2  
 2 Kaedan Korczak           Tyler Tucker             45     1   2  2  

4 vs 4 Forward 
   Center                   Wing                     Time % Phy DF OF 
 1 Jayson Megna             Kevin Labanc             55     1   2  2  
 2 Nathan Bastian           Matt Martin              45     1   2  2  

4 vs 4 Defense
   Defense                  Defense                  Time % Phy DF OF 
 1 Jonathon Merrill         Nolan Allan              55     1   2  2  
 2 Kaedan Korczak           Tyler Tucker             45     1   2  2  

Last Minutes Offensive
   Center                   Left Wing                Right Wing               Defense                  Defense                  
   Jayson Megna             Kevin Labanc             Nathan Bastian           Jonathon Merrill         Nolan Allan              

Last Minutes Defensive
   Center                   Left Wing                Right Wing               Defense                  Defense                  
   Jayson Megna             Kevin Labanc             Nathan Bastian           Jonathon Merrill         Nolan Allan              

Goaltenders
Starting : Marcus Hogberg           
Backup : Erik Portillo            

Extra Forwards
Normal : Ryder Korczak, Calum Ritchie, Brendan Furry - PP : Ryder Korczak, Calum Ritchie - PK : Brendan Furry
Extra Defensemen
Normal : Domenick Fensore, Travis Dermott, Kaedan Korczak - PP : Domenick Fensore - PK : Travis Dermott, Kaedan Korczak
Penalty Shots
Jayson Megna, Kevin Labanc, Nathan Bastian, Matt Martin, Carl Grundstrom

Scratches
Emmitt Finnie (Healthy), Dennis Gilbert (Left Hip Injury), Zach Dean (Healthy), Terik Parascak (Healthy), Lukas Cormier (Healthy)
Felix Sandstrom (Healthy)

% Time on Ice - MANCHESTER MONARCHS

Lines # - Real PCT - Wanted PCT - Time Play
Normal Forward
1 - 28% - 36% - 13:40
2 - 33% - 31% - 15:37
3 - 27% - 23% - 12:57
4 - 12% - 10% - 5:48
Normal Defense
1 - 32% - 36% - 15:36
2 - 34% - 31% - 16:25
3 - 29% - 23% - 13:52
4 - 4% - 10% - 2:09
PP Forward
1 - 49% - 55% - 2:58
2 - 51% - 45% - 3:03
PP Defense
1 - 50% - 55% - 3:02
2 - 50% - 45% - 2:59
PK Forward
1 - 62% - 55% - 3:42
2 - 38% - 45% - 2:15
PK Defense
1 - 59% - 55% - 3:32
2 - 41% - 45% - 2:25
PK3 Forward
1 - 0% - 55%
2 - 0% - 45%
PK3 Defense
1 - 0% - 55%
2 - 0% - 45%
44 Forward
1 - 0% - 55%
2 - 0% - 45%
44 Defense
1 - 0% - 55%
2 - 0% - 45%
Last Minute Offensive  - 0:00
Last Minute Defensive  - 0:00
Total
Forward - 60:00
Defense - 60:00

% Time on Ice - PITTSBURGH PENGUINS

Lines # - Real PCT - Wanted PCT - Time Play
Normal Forward
1 - 28% - 36% - 13:34
2 - 31% - 31% - 14:59
3 - 33% - 23% - 15:45
4 - 8% - 10% - 3:44
Normal Defense
1 - 34% - 36% - 16:11
2 - 35% - 31% - 16:47
3 - 28% - 23% - 13:27
4 - 3% - 10% - 1:37
PP Forward
1 - 56% - 55% - 3:19
2 - 44% - 45% - 2:38
PP Defense
1 - 56% - 55% - 3:19
2 - 44% - 45% - 2:38
PK Forward
1 - 55% - 55% - 3:17
2 - 45% - 45% - 2:44
PK Defense
1 - 43% - 55% - 2:37
2 - 57% - 45% - 3:24
PK3 Forward
1 - 0% - 55%
2 - 0% - 45%
PK3 Defense
1 - 0% - 55%
2 - 0% - 45%
44 Forward
1 - 0% - 55%
2 - 0% - 45%
44 Defense
1 - 0% - 55%
2 - 0% - 45%
Last Minute Offensive  - 0:00
Last Minute Defensive  - 0:00
Total
Forward - 60:00
Defense - 60:00

Play-by-Play

1st period


0:01 of 1st period - Jayson Megna wins face-off versus Jared Davidson in neutral zone.
0:03 of 1st period - Nathan Bastian is hit by Jayden Struble and loses puck.
0:22 of 1st period - Shot by Jared Davidson.
0:22 of 1st period - Shot Misses the Net.
0:28 of 1st period - Shot by Kole Lind.
0:28 of 1st period - Deflect By Jared Davidson.
0:28 of 1st period - Shot Misses the Net.
0:36 of 1st period - Shot by Jared Davidson.
0:36 of 1st period - Shot Blocked by Nolan Allan.
0:38 of 1st period - Shot by Kole Lind.
0:38 of 1st period - Shot Blocked by Nolan Allan.
1:01 of 1st period - Shot by Tyler Madden.
1:01 of 1st period - Stopped by Marcus Hogberg without a rebound.
1:02 of 1st period - Thomas Bordeleau wins face-off versus Chase Wheatcroft in PITTSBURGH PENGUINS zone.
1:11 of 1st period - Shot by Thomas Bordeleau.
1:11 of 1st period - Stopped by Michael DiPietro without a rebound.
1:12 of 1st period - Tyler Madden wins face-off versus Sam Lafferty in MANCHESTER MONARCHS zone.
1:12 of 1st period - Tyler Madden is hit by Matt Martin.
1:17 of 1st period - Tyler Madden is hit by Carl Grundstrom.
1:22 of 1st period - Minor Penalty to Tyler Tucker for Hooking.
1:23 of 1st period - Jayson Megna wins face-off versus Jared Davidson in PITTSBURGH PENGUINS zone.
1:48 of 1st period - Icing by Mackenzie MacEachern.
1:49 of 1st period - Nathan Bastian wins face-off versus Jared Davidson in MANCHESTER MONARCHS zone.
1:49 of 1st period - Nathan Bastian is hit by Scooter Brickey.
1:51 of 1st period - Shot by Kaedan Korczak.
1:51 of 1st period - Stopped by Michael DiPietro without a rebound.
1:52 of 1st period - Tyler Madden wins face-off versus Nathan Bastian in MANCHESTER MONARCHS zone.
1:52 of 1st period - Tyler Madden is hit by Matt Martin.
2:53 of 1st period - Shot by Mackenzie MacEachern.
2:53 of 1st period - Stopped by Marcus Hogberg without a rebound.
2:54 of 1st period - Nathan Bastian wins face-off versus Jared Davidson in PITTSBURGH PENGUINS zone.
3:07 of 1st period - Shot by Nathan Bastian.
3:07 of 1st period - Shot Misses the Net.
3:09 of 1st period - Shot by Nolan Allan.
3:09 of 1st period - Deflect By Nathan Bastian.
3:09 of 1st period - Shot Blocked by Scooter Brickey.
3:13 of 1st period - Shot by Matt Martin.
3:13 of 1st period - Stopped by Michael DiPietro with a rebound.
3:15 of 1st period - Shot by Nolan Allan.
3:15 of 1st period - Stopped by Michael DiPietro without a rebound.
3:16 of 1st period - Tyler Madden wins face-off versus Jayson Megna in MANCHESTER MONARCHS zone.
3:16 of 1st period - Tyler Madden is hit by Kevin Labanc.
3:25 of 1st period - Grigori Denisenko is hit by Brendan Furry and loses puck.
3:32 of 1st period - Shot by Roni Hirvonen.
3:32 of 1st period - Stopped by Marcus Hogberg without a rebound.
3:33 of 1st period - Thomas Bordeleau wins face-off versus Tyler Madden in PITTSBURGH PENGUINS zone.
3:40 of 1st period - Shot by Thomas Bordeleau.
3:40 of 1st period - Shot Misses the Net.
3:52 of 1st period - Shot by Liam Ohgren.
3:52 of 1st period - Shot Blocked by David Gucciardi.
4:55 of 1st period - Shot by Kole Lind.
4:55 of 1st period - Deflect By Mackenzie MacEachern.
4:55 of 1st period - Stopped by Marcus Hogberg without a rebound.
4:56 of 1st period - Nicholas Abruzzese wins face-off versus Jayson Megna in PITTSBURGH PENGUINS zone.
4:57 of 1st period - Shot by Roni Hirvonen.
4:57 of 1st period - Shot Blocked by Travis Dermott.
5:18 of 1st period - Shot by Kevin Labanc.
5:18 of 1st period - Deflect By Nathan Bastian.
5:18 of 1st period - Shot Misses the Net.
5:44 of 1st period - Shot by Thomas Bordeleau.
5:44 of 1st period - Goal by Thomas Bordeleau - MANCHESTER MONARCHS : 0 - PITTSBURGH PENGUINS : 1.
5:45 of 1st period - Thomas Bordeleau wins face-off versus Jared Davidson in neutral zone.
6:09 of 1st period - Jared Davidson is hit by Tyler Tucker and loses puck.
6:33 of 1st period - Tyler Tucker is hit by Jayden Struble and loses puck.
7:10 of 1st period - Shot by Ryder Rolston.
7:10 of 1st period - Shot Misses the Net.
7:47 of 1st period - Off-side.
7:48 of 1st period - Jayson Megna wins face-off versus Nicholas Abruzzese in neutral zone.
8:39 of 1st period - Shot by Matt Martin.
8:39 of 1st period - Shot Misses the Net.
8:43 of 1st period - Shot by Carl Grundstrom.
8:43 of 1st period - Stopped by Michael DiPietro without a rebound.
8:44 of 1st period - Sam Lafferty wins face-off versus Mackenzie MacEachern in MANCHESTER MONARCHS zone.
8:47 of 1st period - Shot by Carl Grundstrom.
8:47 of 1st period - Shot Misses the Net.
8:55 of 1st period - Shot by Jonathon Merrill.
8:55 of 1st period - Deflect By Carl Grundstrom.
8:55 of 1st period - Shot Misses the Net.
8:59 of 1st period - Shot by Sam Lafferty.
8:59 of 1st period - Goal by Sam Lafferty - MANCHESTER MONARCHS : 0 - PITTSBURGH PENGUINS : 2.
9:00 of 1st period - Jamieson Rees wins face-off versus Jayson Megna in neutral zone.
9:51 of 1st period - Shot by Sam Lafferty.
9:51 of 1st period - Shot Misses the Net.
10:21 of 1st period - Off-side.
10:22 of 1st period - Tyler Madden wins face-off versus Jayson Megna in neutral zone.
10:24 of 1st period - Off-side.
10:25 of 1st period - Thomas Bordeleau wins face-off versus Tyler Madden in neutral zone.
10:33 of 1st period - Liam Ohgren is hit by Scooter Brickey and loses puck.
11:33 of 1st period - Kevin Labanc is hit by Blake Smith and loses puck.
12:16 of 1st period - Shot by Mackenzie MacEachern.
12:16 of 1st period - Shot Misses the Net.
12:37 of 1st period - Shot by Jared Davidson.
12:37 of 1st period - Shot Misses the Net.
13:48 of 1st period - Shot by Chase Stillman.
13:48 of 1st period - Stopped by Marcus Hogberg without a rebound.
13:49 of 1st period - Nicholas Abruzzese wins face-off versus Sam Lafferty in PITTSBURGH PENGUINS zone.
13:52 of 1st period - Shot by Roni Hirvonen.
13:52 of 1st period - Deflect By Nicholas Abruzzese.
13:52 of 1st period - Shot Misses the Net.
14:40 of 1st period - Shot by Brendan Furry.
14:40 of 1st period - Stopped by Michael DiPietro without a rebound.
14:41 of 1st period - Jayson Megna wins face-off versus Tyler Madden in MANCHESTER MONARCHS zone.
15:04 of 1st period - Shot by Nathan Bastian.
15:04 of 1st period - Shot Misses the Net.
16:04 of 1st period - Shot by Jared Davidson.
16:04 of 1st period - Stopped by Marcus Hogberg with a rebound.
16:54 of 1st period - Shot by Chase Bradley.
16:54 of 1st period - Shot Blocked by Jared Davidson.
17:13 of 1st period - Icing by Domenick Fensore.
17:14 of 1st period - Nicholas Abruzzese wins face-off versus Thomas Bordeleau in PITTSBURGH PENGUINS zone.
17:28 of 1st period - Icing by Scooter Brickey.
17:29 of 1st period - Jayson Megna wins face-off versus Nicholas Abruzzese in MANCHESTER MONARCHS zone.
17:48 of 1st period - Shot by Kevin Labanc.
17:48 of 1st period - Shot Blocked by Scooter Brickey.
17:50 of 1st period - Shot by Nathan Bastian.
17:50 of 1st period - Shot Misses the Net.
17:52 of 1st period - Shot by Kevin Labanc.
17:52 of 1st period - Shot Misses the Net.
17:56 of 1st period - Shot by Nathan Bastian.
17:56 of 1st period - Shot Misses the Net.
17:58 of 1st period - Shot by Nathan Bastian.
17:58 of 1st period - Stopped by Michael DiPietro without a rebound.
17:59 of 1st period - Sam Lafferty wins face-off versus Tyler Madden in MANCHESTER MONARCHS zone.
18:00 of 1st period - Shot by Kaedan Korczak.
18:00 of 1st period - Shot Blocked by Jayden Struble.
18:20 of 1st period - Shot by Sam Lafferty.
18:20 of 1st period - Shot Blocked by Jayden Struble.
18:22 of 1st period - Shot by Carl Grundstrom.
18:22 of 1st period - Stopped by Michael DiPietro with a rebound.
18:24 of 1st period - Shot by Matt Martin.
18:24 of 1st period - Shot Misses the Net.
18:26 of 1st period - Shot by Sam Lafferty.
18:26 of 1st period - Shot Misses the Net.
18:37 of 1st period - Off-side.
18:38 of 1st period - Roni Hirvonen wins face-off versus Liam Ohgren in neutral zone.
18:41 of 1st period - Shot by Nicholas Abruzzese.
18:41 of 1st period - Shot Blocked by Jonathon Merrill.
19:11 of 1st period - Shot by Jonathon Merrill.
19:11 of 1st period - Goal by Jonathon Merrill - MANCHESTER MONARCHS : 0 - PITTSBURGH PENGUINS : 3.
19:12 of 1st period - Jayson Megna wins face-off versus Jamieson Rees in neutral zone.
19:23 of 1st period - Shot by Jared Davidson.
19:23 of 1st period - Stopped by Marcus Hogberg with a rebound.
19:33 of 1st period - Shot by Kevin Labanc.
19:33 of 1st period - Deflect By Nathan Bastian.
19:33 of 1st period - Stopped by Michael DiPietro without a rebound.
19:34 of 1st period - Tyler Madden wins face-off versus Sam Lafferty in MANCHESTER MONARCHS zone.
Goals for this period are 0 for MANCHESTER MONARCHS vs 3 for PITTSBURGH PENGUINS.
Shots for this period are 7 for MANCHESTER MONARCHS vs 12 for PITTSBURGH PENGUINS.

2nd period


0:01 of 2nd period - Jared Davidson wins face-off versus Jayson Megna in neutral zone.
0:10 of 2nd period - Jayden Struble is hit by Nathan Bastian and loses puck.
1:23 of 2nd period - Shot by Ryder Rolston.
1:23 of 2nd period - Shot Misses the Net.
1:48 of 2nd period - Tyler Madden is hit by Travis Dermott and loses puck.
2:47 of 2nd period - Shot by Jayson Megna.
2:47 of 2nd period - Stopped by Michael DiPietro with a rebound.
2:49 of 2nd period - Shot by Jayson Megna.
2:49 of 2nd period - Stopped by Michael DiPietro without a rebound.
2:50 of 2nd period - Jared Davidson wins face-off versus Kevin Labanc in MANCHESTER MONARCHS zone.
3:01 of 2nd period - Shot by Jared Davidson.
3:01 of 2nd period - Stopped by Marcus Hogberg with a rebound.
3:26 of 2nd period - Shot by Jared Davidson.
3:26 of 2nd period - Stopped by Marcus Hogberg without a rebound.
3:27 of 2nd period - Sam Lafferty wins face-off versus Tyler Madden in PITTSBURGH PENGUINS zone.
3:29 of 2nd period - Icing by Matt Martin.
3:30 of 2nd period - Tyler Madden wins face-off versus Sam Lafferty in PITTSBURGH PENGUINS zone.
3:31 of 2nd period - Shot by Ryder Rolston.
3:31 of 2nd period - Stopped by Marcus Hogberg with a rebound.
3:41 of 2nd period - Shot by Matt Martin.
3:41 of 2nd period - Stopped by Michael DiPietro without a rebound.
3:42 of 2nd period - Nicholas Abruzzese wins face-off versus Thomas Bordeleau in MANCHESTER MONARCHS zone.
3:49 of 2nd period - Shot by Nicholas Abruzzese.
3:49 of 2nd period - Stopped by Marcus Hogberg without a rebound.
3:50 of 2nd period - Jared Davidson wins face-off versus Sam Lafferty in PITTSBURGH PENGUINS zone.
3:50 of 2nd period - Jared Davidson is hit by Tyler Tucker.
3:54 of 2nd period - Shot by Mackenzie MacEachern.
3:54 of 2nd period - Shot Blocked by Kaedan Korczak.
3:56 of 2nd period - Shot by Jayden Struble.
3:56 of 2nd period - Shot Misses the Net.
3:58 of 2nd period - Shot by Mackenzie MacEachern.
3:58 of 2nd period - Stopped by Marcus Hogberg with a rebound.
4:00 of 2nd period - Shot by Jayden Struble.
4:00 of 2nd period - Shot Blocked by Kaedan Korczak.
4:02 of 2nd period - Shot by Ty Smith.
4:02 of 2nd period - Shot Misses the Net.
4:04 of 2nd period - Shot by Jayden Struble.
4:04 of 2nd period - Shot Blocked by Tyler Tucker.
4:09 of 2nd period - Jared Davidson is hit by Tyler Tucker and loses puck.
4:16 of 2nd period - Shot by Mackenzie MacEachern.
4:16 of 2nd period - Stopped by Marcus Hogberg without a rebound.
4:17 of 2nd period - Jayson Megna wins face-off versus Tyler Madden in PITTSBURGH PENGUINS zone.
4:19 of 2nd period - Icing by Kevin Labanc.
4:20 of 2nd period - Jayson Megna wins face-off versus Tyler Madden in PITTSBURGH PENGUINS zone.
4:20 of 2nd period - Jayson Megna is hit by Grigori Denisenko.
4:28 of 2nd period - Shot by Nathan Bastian.
4:28 of 2nd period - Stopped by Michael DiPietro with a rebound.
4:33 of 2nd period - Kevin Labanc is hit by Blake Smith and loses puck.
4:56 of 2nd period - Shot by Nolan Allan.
4:56 of 2nd period - Shot Blocked by David Gucciardi.
5:17 of 2nd period - Icing by Jayden Struble.
5:18 of 2nd period - Jared Davidson wins face-off versus Thomas Bordeleau in MANCHESTER MONARCHS zone.
5:40 of 2nd period - Shot by Brendan Furry.
5:40 of 2nd period - Stopped by Michael DiPietro without a rebound.
5:41 of 2nd period - Sam Lafferty wins face-off versus Nicholas Abruzzese in MANCHESTER MONARCHS zone.
5:45 of 2nd period - Icing by Chase Wheatcroft.
5:46 of 2nd period - Sam Lafferty wins face-off versus Nicholas Abruzzese in MANCHESTER MONARCHS zone.
6:00 of 2nd period - Shot by Roni Hirvonen.
6:00 of 2nd period - Shot Misses the Net.
6:06 of 2nd period - Shot by Nicholas Abruzzese.
6:06 of 2nd period - Shot Misses the Net.
6:07 of 2nd period - Minor Penalty to Nolan Allan for Tripping.
6:08 of 2nd period - Jayson Megna wins face-off versus Jared Davidson in PITTSBURGH PENGUINS zone.
6:40 of 2nd period - Shot by Mackenzie MacEachern.
6:40 of 2nd period - Shot Blocked by Jonathon Merrill.
7:27 of 2nd period - Shot by Tyler Madden.
7:27 of 2nd period - Stopped by Marcus Hogberg without a rebound.
7:28 of 2nd period - Jared Davidson wins face-off versus Nathan Bastian in PITTSBURGH PENGUINS zone.
7:34 of 2nd period - Shot by Jayden Struble.
7:34 of 2nd period - Stopped by Marcus Hogberg without a rebound.
7:35 of 2nd period - Matt Martin wins face-off versus Tyler Madden in PITTSBURGH PENGUINS zone.
7:43 of 2nd period - Icing by Ryder Rolston.
7:44 of 2nd period - Jayson Megna wins face-off versus Tyler Madden in MANCHESTER MONARCHS zone.
7:57 of 2nd period - Shot by Ryder Rolston.
7:57 of 2nd period - Stopped by Marcus Hogberg without a rebound.
7:58 of 2nd period - Jared Davidson wins face-off versus Nathan Bastian in PITTSBURGH PENGUINS zone.
8:00 of 2nd period - Mackenzie MacEachern is hit by Jonathon Merrill and loses puck.
8:19 of 2nd period - Shot by Nicholas Abruzzese.
8:19 of 2nd period - Stopped by Marcus Hogberg with a rebound.
8:22 of 2nd period - Icing by Brendan Furry.
8:23 of 2nd period - Thomas Bordeleau wins face-off versus Jared Davidson in PITTSBURGH PENGUINS zone.
9:27 of 2nd period - Shot by Nathan Bastian.
9:27 of 2nd period - Stopped by Michael DiPietro without a rebound.
9:28 of 2nd period - Sam Lafferty wins face-off versus Nicholas Abruzzese in MANCHESTER MONARCHS zone.
9:30 of 2nd period - Matt Martin is hit by Blake Smith and loses puck.
9:37 of 2nd period - Shot by Carl Grundstrom.
9:37 of 2nd period - Shot Blocked by Chase Wheatcroft.
9:39 of 2nd period - Shot by Tyler Tucker.
9:39 of 2nd period - Shot Blocked by Blake Smith.
9:41 of 2nd period - Shot by Carl Grundstrom.
9:41 of 2nd period - Shot Misses the Net.
9:46 of 2nd period - Sam Lafferty is hit by Blake Smith and loses puck.
10:51 of 2nd period - Shot by Jayson Megna.
10:51 of 2nd period - Stopped by Michael DiPietro without a rebound.
10:52 of 2nd period - Jayson Megna wins face-off versus Jared Davidson in MANCHESTER MONARCHS zone.
10:53 of 2nd period - Shot by Kevin Labanc.
10:53 of 2nd period - Goal by Kevin Labanc - MANCHESTER MONARCHS : 0 - PITTSBURGH PENGUINS : 4.
10:53 of 2nd period - Drew Commesso enters game.
10:54 of 2nd period - Jayson Megna wins face-off versus Mackenzie MacEachern in neutral zone.
11:20 of 2nd period - Shot by Mackenzie MacEachern.
11:20 of 2nd period - Stopped by Marcus Hogberg with a rebound.
11:30 of 2nd period - Shot by Mackenzie MacEachern.
11:30 of 2nd period - Stopped by Marcus Hogberg without a rebound.
11:31 of 2nd period - Sam Lafferty wins face-off versus Tyler Madden in PITTSBURGH PENGUINS zone.
11:31 of 2nd period - Sam Lafferty is hit by Ryder Rolston.
11:56 of 2nd period - Off-side.
11:57 of 2nd period - Thomas Bordeleau wins face-off versus Nicholas Abruzzese in neutral zone.
12:00 of 2nd period - Shot by Liam Ohgren.
12:00 of 2nd period - Shot Misses the Net.
12:30 of 2nd period - Shot by Nolan Allan.
12:30 of 2nd period - Shot Misses the Net.
13:11 of 2nd period - Kole Lind is hit by Nolan Allan and loses puck.
13:40 of 2nd period - Shot by Nathan Bastian.
13:40 of 2nd period - Shot Misses the Net.
13:42 of 2nd period - Shot by Kevin Labanc.
13:42 of 2nd period - Deflect By Jayson Megna.
13:42 of 2nd period - Shot Misses the Net.
13:48 of 2nd period - Shot by Kevin Labanc.
13:48 of 2nd period - Shot Misses the Net.
13:50 of 2nd period - Shot by Kaedan Korczak.
13:50 of 2nd period - Stopped by Drew Commesso without a rebound.
13:51 of 2nd period - Sam Lafferty wins face-off versus Nicholas Abruzzese in MANCHESTER MONARCHS zone.
13:54 of 2nd period - Shot by Matt Martin.
13:54 of 2nd period - Shot Blocked by David Gucciardi.
13:56 of 2nd period - Shot by Travis Dermott.
13:56 of 2nd period - Stopped by Drew Commesso with a rebound.
13:58 of 2nd period - Shot by Domenick Fensore.
13:58 of 2nd period - Stopped by Drew Commesso with a rebound.
14:00 of 2nd period - Shot by Matt Martin.
14:00 of 2nd period - Deflect By Carl Grundstrom.
14:00 of 2nd period - Shot Blocked by David Gucciardi.
14:02 of 2nd period - Shot by Sam Lafferty.
14:02 of 2nd period - Goal by Sam Lafferty - MANCHESTER MONARCHS : 0 - PITTSBURGH PENGUINS : 5.
14:03 of 2nd period - Chase Stillman wins face-off versus Chase Bradley in neutral zone.
14:17 of 2nd period - Tyler Tucker is hit by Chase Stillman and loses puck.
15:12 of 2nd period - Shot by Carl Grundstrom.
15:12 of 2nd period - Stopped by Drew Commesso with a rebound.
16:01 of 2nd period - Icing by Jamieson Rees.
16:02 of 2nd period - Thomas Bordeleau wins face-off versus Jamieson Rees in MANCHESTER MONARCHS zone.
16:03 of 2nd period - Shot by Brendan Furry.
16:03 of 2nd period - Shot Blocked by Christoffer Sedoff.
16:13 of 2nd period - Shot by Thomas Bordeleau.
16:13 of 2nd period - Shot Misses the Net.
16:29 of 2nd period - Shot by Liam Ohgren.
16:29 of 2nd period - Shot Misses the Net.
16:31 of 2nd period - Shot by Travis Dermott.
16:31 of 2nd period - Shot Misses the Net.
17:34 of 2nd period - Shot by Nathan Bastian.
17:34 of 2nd period - Shot Blocked by David Gucciardi.
17:59 of 2nd period - Shot by Thomas Bordeleau.
17:59 of 2nd period - Stopped by Drew Commesso without a rebound.
18:00 of 2nd period - Tyler Madden wins face-off versus Sam Lafferty in MANCHESTER MONARCHS zone.
18:10 of 2nd period - Grigori Denisenko is hit by Nolan Allan and loses puck.
18:21 of 2nd period - Shot by Ryder Rolston.
18:21 of 2nd period - Stopped by Marcus Hogberg without a rebound.
18:22 of 2nd period - Thomas Bordeleau wins face-off versus Nicholas Abruzzese in PITTSBURGH PENGUINS zone.
18:22 of 2nd period - Thomas Bordeleau is hit by Blake Smith.
18:23 of 2nd period - Minor Penalty to Blake Smith for High sticking.
18:24 of 2nd period - Jayson Megna wins face-off versus Mackenzie MacEachern in MANCHESTER MONARCHS zone.
18:43 of 2nd period - Shot by Nolan Allan.
18:43 of 2nd period - Stopped by Drew Commesso with a rebound.
18:45 of 2nd period - Shot by Nolan Allan.
18:45 of 2nd period - Stopped by Drew Commesso without a rebound.
18:46 of 2nd period - Sam Lafferty wins face-off versus Chase Wheatcroft in MANCHESTER MONARCHS zone.
Goals for this period are 0 for MANCHESTER MONARCHS vs 2 for PITTSBURGH PENGUINS.
Shots for this period are 13 for MANCHESTER MONARCHS vs 16 for PITTSBURGH PENGUINS.

3rd period


0:01 of 3rd period - Jared Davidson wins face-off versus Jayson Megna in neutral zone.
0:10 of 3rd period - Shot by Jonathon Merrill.
0:10 of 3rd period - Shot Misses the Net.
0:12 of 3rd period - Shot by Nolan Allan.
0:12 of 3rd period - Shot Hit the Post.
0:31 of 3rd period - Shot by Matt Martin.
0:31 of 3rd period - Shot Misses the Net.
1:08 of 3rd period - Off-side.
1:09 of 3rd period - Jayson Megna wins face-off versus Jared Davidson in neutral zone.
1:13 of 3rd period - Icing by Blake Smith.
1:14 of 3rd period - Jayson Megna wins face-off versus Jared Davidson in MANCHESTER MONARCHS zone.
1:42 of 3rd period - Shot by Nathan Bastian.
1:42 of 3rd period - Shot Blocked by Jared Davidson.
1:57 of 3rd period - Icing by Blake Smith.
1:58 of 3rd period - Jared Davidson wins face-off versus Thomas Bordeleau in MANCHESTER MONARCHS zone.
2:04 of 3rd period - Icing by Mackenzie MacEachern.
2:05 of 3rd period - Jared Davidson wins face-off versus Sam Lafferty in MANCHESTER MONARCHS zone.
2:05 of 3rd period - Jared Davidson is hit by Carl Grundstrom.
2:18 of 3rd period - Icing by Tyler Tucker.
2:19 of 3rd period - Sam Lafferty wins face-off versus Tyler Madden in PITTSBURGH PENGUINS zone.
2:33 of 3rd period - Jayden Struble is hit by Matt Martin and loses puck.
2:59 of 3rd period - Icing by Jayden Struble.
3:00 of 3rd period - Jayson Megna wins face-off versus Tyler Madden in MANCHESTER MONARCHS zone.
4:16 of 3rd period - Shot by Mackenzie MacEachern.
4:16 of 3rd period - Shot Misses the Net.
4:36 of 3rd period - Shot by Brendan Furry.
4:36 of 3rd period - Stopped by Drew Commesso with a rebound.
4:38 of 3rd period - Shot by Liam Ohgren.
4:38 of 3rd period - Shot Misses the Net.
4:42 of 3rd period - Shot by Thomas Bordeleau.
4:42 of 3rd period - Stopped by Drew Commesso without a rebound.
4:43 of 3rd period - Sam Lafferty wins face-off versus Nicholas Abruzzese in MANCHESTER MONARCHS zone.
4:54 of 3rd period - Shot by Carl Grundstrom.
4:54 of 3rd period - Stopped by Drew Commesso without a rebound.
4:55 of 3rd period - Sam Lafferty wins face-off versus Jamieson Rees in MANCHESTER MONARCHS zone.
5:22 of 3rd period - Shot by Carl Grundstrom.
5:22 of 3rd period - Deflect By Sam Lafferty.
5:22 of 3rd period - Stopped by Drew Commesso with a rebound.
5:24 of 3rd period - Shot by Tyler Tucker.
5:24 of 3rd period - Stopped by Drew Commesso without a rebound.
5:25 of 3rd period - Thomas Bordeleau wins face-off versus Tyler Madden in MANCHESTER MONARCHS zone.
5:25 of 3rd period - Thomas Bordeleau is hit by Scooter Brickey.
5:31 of 3rd period - Shot by Liam Ohgren.
5:31 of 3rd period - Shot Misses the Net.
6:01 of 3rd period - Shot by Thomas Bordeleau.
6:01 of 3rd period - Deflect By Liam Ohgren.
6:01 of 3rd period - Shot Misses the Net.
6:06 of 3rd period - Off-side.
6:07 of 3rd period - Nicholas Abruzzese wins face-off versus Nathan Bastian in neutral zone.
6:32 of 3rd period - Icing by Chase Wheatcroft.
6:33 of 3rd period - Sam Lafferty wins face-off versus Nicholas Abruzzese in MANCHESTER MONARCHS zone.
6:49 of 3rd period - Chase Wheatcroft is hit by Tyler Tucker and loses puck.
6:53 of 3rd period - Minor Penalty to Tyler Tucker for Hooking.
6:54 of 3rd period - Kevin Labanc wins face-off versus Jared Davidson in PITTSBURGH PENGUINS zone.
6:54 of 3rd period - Kevin Labanc is hit by Mackenzie MacEachern.
8:58 of 3rd period - Shot by Roni Hirvonen.
8:58 of 3rd period - Stopped by Marcus Hogberg without a rebound.
8:59 of 3rd period - Nicholas Abruzzese wins face-off versus Liam Ohgren in PITTSBURGH PENGUINS zone.
9:06 of 3rd period - Shot by Chase Wheatcroft.
9:06 of 3rd period - Deflect By Roni Hirvonen.
9:06 of 3rd period - Shot Misses the Net.
9:17 of 3rd period - Shot by Brendan Furry.
9:17 of 3rd period - Stopped by Drew Commesso without a rebound.
9:18 of 3rd period - Chase Bradley wins face-off versus Kole Lind in MANCHESTER MONARCHS zone.
9:21 of 3rd period - Shot by Jayson Megna.
9:21 of 3rd period - Stopped by Drew Commesso without a rebound.
9:22 of 3rd period - Thomas Bordeleau wins face-off versus Jared Davidson in MANCHESTER MONARCHS zone.
9:22 of 3rd period - Thomas Bordeleau is hit by Christoffer Sedoff.
9:26 of 3rd period - Shot by Thomas Bordeleau.
9:26 of 3rd period - Shot Misses the Net.
9:31 of 3rd period - Brendan Furry is hit by Scooter Brickey and loses puck.
9:34 of 3rd period - Shot by Liam Ohgren.
9:34 of 3rd period - Stopped by Drew Commesso without a rebound.
9:35 of 3rd period - Chase Bradley wins face-off versus Nicholas Abruzzese in MANCHESTER MONARCHS zone.
9:35 of 3rd period - Chase Bradley is hit by Blake Smith.
9:38 of 3rd period - Jayson Megna is hit by Blake Smith and loses puck.
9:58 of 3rd period - Shot by Chase Wheatcroft.
9:58 of 3rd period - Shot Blocked by Nolan Allan.
10:00 of 3rd period - Shot by Blake Smith.
10:00 of 3rd period - Stopped by Marcus Hogberg without a rebound.
10:01 of 3rd period - Carl Grundstrom wins face-off versus Jared Davidson in PITTSBURGH PENGUINS zone.
10:01 of 3rd period - Carl Grundstrom is hit by Mackenzie MacEachern.
10:04 of 3rd period - Tyler Tucker is hit by Mackenzie MacEachern and loses puck.
10:19 of 3rd period - Minor Penalty to Scooter Brickey for Tripping.
10:20 of 3rd period - Jared Davidson wins face-off versus Jayson Megna in MANCHESTER MONARCHS zone.
10:44 of 3rd period - Icing by Nathan Bastian.
10:45 of 3rd period - Mackenzie MacEachern wins face-off versus Jayson Megna in PITTSBURGH PENGUINS zone.
10:48 of 3rd period - Shot by Mackenzie MacEachern.
10:48 of 3rd period - Shot Blocked by Nolan Allan.
11:26 of 3rd period - Shot by Kaedan Korczak.
11:26 of 3rd period - Stopped by Drew Commesso without a rebound.
11:27 of 3rd period - Sam Lafferty wins face-off versus Jared Davidson in MANCHESTER MONARCHS zone.
11:28 of 3rd period - Shot by Kaedan Korczak.
11:28 of 3rd period - Deflect By Carl Grundstrom.
11:28 of 3rd period - Stopped by Drew Commesso without a rebound.
11:29 of 3rd period - Jared Davidson wins face-off versus Carl Grundstrom in MANCHESTER MONARCHS zone.
12:50 of 3rd period - Icing by Travis Dermott.
12:51 of 3rd period - Thomas Bordeleau wins face-off versus Nicholas Abruzzese in PITTSBURGH PENGUINS zone.
13:01 of 3rd period - Liam Ohgren is hit by Scooter Brickey and loses puck.
13:16 of 3rd period - Shot by Nicholas Abruzzese.
13:16 of 3rd period - Stopped by Marcus Hogberg without a rebound.
13:17 of 3rd period - Kevin Labanc wins face-off versus Tyler Madden in PITTSBURGH PENGUINS zone.
13:22 of 3rd period - Shot by Kevin Labanc.
13:22 of 3rd period - Shot Blocked by Jayden Struble.
13:30 of 3rd period - Shot by Kevin Labanc.
13:30 of 3rd period - Shot Misses the Net.
14:41 of 3rd period - Off-side.
14:42 of 3rd period - Sam Lafferty wins face-off versus Nicholas Abruzzese in neutral zone.
15:12 of 3rd period - Carl Grundstrom is hit by Scooter Brickey and loses puck.
15:29 of 3rd period - Minor Penalty to Chase Wheatcroft for Roughing.
15:30 of 3rd period - Ryder Korczak wins face-off versus Jared Davidson in MANCHESTER MONARCHS zone.
15:41 of 3rd period - Shot by Liam Ohgren.
15:41 of 3rd period - Stopped by Drew Commesso without a rebound.
15:42 of 3rd period - Jared Davidson wins face-off versus Sam Lafferty in MANCHESTER MONARCHS zone.
16:03 of 3rd period - Shot by Matt Martin.
16:03 of 3rd period - Stopped by Drew Commesso without a rebound.
16:04 of 3rd period - Jared Davidson wins face-off versus Jayson Megna in MANCHESTER MONARCHS zone.
16:52 of 3rd period - Tyler Tucker is hit by Kole Lind and loses puck.
17:07 of 3rd period - Shot by Sam Lafferty.
17:07 of 3rd period - Stopped by Drew Commesso with a rebound.
17:38 of 3rd period - Shot by Brendan Furry.
17:38 of 3rd period - Stopped by Drew Commesso without a rebound.
17:39 of 3rd period - Tyler Madden wins face-off versus Thomas Bordeleau in MANCHESTER MONARCHS zone.
17:44 of 3rd period - Shot by Tyler Madden.
17:44 of 3rd period - Deflect By Ryder Rolston.
17:44 of 3rd period - Shot Blocked by Travis Dermott.
17:46 of 3rd period - Shot by David Gucciardi.
17:46 of 3rd period - Stopped by Marcus Hogberg without a rebound.
17:47 of 3rd period - Ryder Rolston wins face-off versus Thomas Bordeleau in PITTSBURGH PENGUINS zone.
18:26 of 3rd period - Shot by Jayson Megna.
18:26 of 3rd period - Deflect By Kevin Labanc.
18:26 of 3rd period - Shot Misses the Net.
18:28 of 3rd period - Shot by Kevin Labanc.
18:28 of 3rd period - Stopped by Drew Commesso without a rebound.
18:29 of 3rd period - Jared Davidson wins face-off versus Jayson Megna in MANCHESTER MONARCHS zone.
18:29 of 3rd period - Jared Davidson is hit by Nathan Bastian.
18:53 of 3rd period - Nathan Bastian is hit by Blake Smith and loses puck.
18:57 of 3rd period - Icing by David Gucciardi.
18:58 of 3rd period - Sam Lafferty wins face-off versus Jared Davidson in MANCHESTER MONARCHS zone.
18:59 of 3rd period - Shot by Matt Martin.
18:59 of 3rd period - Shot Misses the Net.
19:38 of 3rd period - Icing by Mackenzie MacEachern.
19:39 of 3rd period - Jared Davidson wins face-off versus Nathan Bastian in MANCHESTER MONARCHS zone.
19:39 of 3rd period - Jared Davidson is hit by Nathan Bastian.
19:54 of 3rd period - Jayden Struble is hit by Nolan Allan.
19:55 of 3rd period - Minor Penalty to Nolan Allan for Slashing.
19:56 of 3rd period - Jayson Megna wins face-off versus Tyler Madden in PITTSBURGH PENGUINS zone.
Goals for this period are 0 for MANCHESTER MONARCHS vs 0 for PITTSBURGH PENGUINS.
Shots for this period are 4 for MANCHESTER MONARCHS vs 15 for PITTSBURGH PENGUINS.